Map: New Repugnancy LE

Players

TheGiantNome - Winner!

  • Race: Zerg Zerg
  • League: Grandmaster
  • Spawn Location: 7:00

TopGun

  • Race: Terran Terran
  • League: Grandmaster
  • Spawn Location: 1:00

VOD

Have the link to the VOD?

Description

Time

  • Played on: April 25, 2019, 2:55 p.m.
  • Length: 23:29
Show
View Real Time Build Order
Export as new Build Order

TheGiantNome Zerg - Winner!

Build Orders: Hatch First 

Get SALT Encoding   

  12  0:01  Drone  
  13  0:13  Overlord  
  13  0:18  Drone  
  14  0:31  Drone x2  
  16  0:48  Hatchery  
  15  0:52  Drone  
  15  0:55  Drone  
  17  0:59  Drone  
  18  1:09  Extractor  
  17  1:15  Spawning Pool  
  17  1:18  Drone  
  17  1:21  Drone  
  18  1:29  Drone  
  19  1:44  Overlord  
  19  1:53  Drone  
  20  2:01  Queen x2  
  20  2:02  Zergling x4  
  20  2:08  Metabolic Boost  
  26  2:11  Zergling x2  
  26  2:15  Drone  
  28  2:22  Drone x2  
  30  2:30  Spore Crawler  
  28  2:48  Queen  
  28  2:49  Drone  
  28  2:50  Drone x3  
  35  2:55  Overlord  
  35  2:56  Drone  
  36  3:13  Hatchery  
  36  3:17  Drone  
  36  3:18  Drone  
  36  3:19  Drone  
  37  3:20  Overlord  
  37  3:25  Queen  
  39  3:29  Drone  
  39  3:30  Drone x2  
  39  3:34  Baneling Nest  
  41  3:37  Overlord  
  41  3:43  Drone x2  
  43  3:50  Drone x4  
  47  3:59  Overlord  
  47  4:01  Queen  
  49  4:03  Zergling x4  
  49  4:05  Zergling x2  
  52  4:12  Drone  
  52  4:13  Drone x3  
  56  4:19  Lair  
  56  4:23  Drone  
  56  4:24  Drone  
  58  4:28  Queen  
  60  4:35  Zergling x6  
  60  4:38  Drone x3  
  66  4:48  Spore Crawler  
  66  4:49  Drone x2, Spore Crawler  
  66  4:52  Overlord  
  66  5:03  Spore Crawler  
  62  5:17  Drone x8  
  62  5:20  Hatchery  
  69  5:22  Overlord  
  69  5:25  Hatchery  
  69  5:26  Overseer  
  67  5:29  Overseer  
  67  5:32  Extractor  
  67  5:33  Extractor  
  67  5:34  Extractor x2  
  63  5:35  Extractor  
  63  5:37  Drone  
  63  5:38  Drone x5  
  63  5:40  Overlord  
  68  5:50  Queen  
  68  5:53  Evolution Chamber, Centrifical Hooks  
  68  5:56  Evolution Chamber  
  68  5:57  Drone x2  
  68  5:58  Drone x3  
  68  6:00  Baneling  
  68  6:01  Baneling x2  
  71  6:18  Drone  
  71  6:19  Drone x9  
  71  6:23  Overlord x2  
  71  6:24  Overseer  
  81  6:30  Zerg Melee Weapons Level 1  
  81  6:31  Drone x4  
  81  6:32  Drone  
  86  6:44  Drone x2  
  86  6:45  Drone x2  
  86  6:46  Zerg Ground Armor Level 1  
  90  6:49  Drone x3  
  90  6:50  Drone, Queen  
  96  6:54  Zergling x2  
  96  6:55  Zergling x10  
  102  7:02  Baneling x5  
  102  7:08  Zergling x2  
  102  7:09  Zergling x12  
  102  7:11  Overlord x2  
  109  7:20  Infestation Pit, Hydralisk Den  
  107  7:30  Zergling x22  
  107  7:32  Baneling  
  107  7:33  Baneling  
  107  7:34  Baneling x4  
  107  7:36  Pneumatized Carapace  
  118  7:45  Extractor  
  118  7:46  Extractor  
  102  8:00  Zergling x18  
  102  8:01  Zergling x16  
  102  8:03  Drone, Hatchery  
  102  8:04  Grooved Spines  
  116  8:07  Drone x2  
  116  8:09  Overlord x3  
  116  8:10  Overlord  
  118  8:28  Hive  
  118  8:30  Zerg Missile Weapons Level 1  
  118  8:31  Hydralisk x6  
  118  8:32  Hydralisk x3  
  136  8:34  Baneling  
  136  8:35  Baneling x5  
  136  8:51  Zergling x24  
  136  8:52  Zergling x4  
  150  8:56  Pathogen Glands  
  150  9:00  Zerg Melee Weapons Level 2  
  149  9:12  Overlord  
  149  9:14  Overlord x4  
  149  9:16  Muscular Augments  
  149  9:22  Baneling x7  
  149  9:23  Hydralisk x3  
  153  9:38  Zergling x28  
  156  9:50  Baneling  
  156  9:51  Baneling x2  
  146  9:53  Hydralisk x8  
  155  10:09  Overlord x2  
  155  10:10  Zergling x8  
  155  10:11  Zergling x22  
  170  10:19  Overseer  
  165  10:23  Spire  
  165  10:24  Spire  
  162  10:38  Baneling x7  
  162  10:40  Zergling x14  
  162  10:41  Zergling x18  
  170  10:53  Baneling  
  170  10:54  Baneling x4  
  155  10:59  Zergling x2  
  155  11:00  Zergling x26  
  167  11:04  Zerg Missile Weapons Level 2  
  167  11:13  Baneling x3  
  142  11:33  Zergling x14  
  142  11:34  Zergling x30  
  138  11:40  Zergling x2  
  138  11:41  Zergling x18  
  138  11:42  Zergling x2  
  145  11:47  Zerg Melee Weapons Level 3  
  145  11:51  Greater Spire, Zerg Flyer Weapons Level 1  
  145  12:00  Drone x5  
  145  12:01  Drone x4  
  152  12:02  Drone  
  152  12:06  Baneling x9  
  152  12:07  Baneling  
  152  12:08  Baneling x2  
  155  12:15  Nydus Network, Infestor  
  156  12:16  Infestor  
  156  12:18  Infestor  
  156  12:22  Baneling x7  
  160  12:24  Infestor  
  160  12:26  Infestor  
  160  12:28  Overseer  
  163  12:31  Overseer  
  163  12:36  Zergling x16  
  171  12:37  Zergling x2  
  171  12:44  Baneling x5  
  172  12:53  Zergling x14  
  172  12:54  Zergling x2  
  180  13:01  Baneling x4  
  180  13:02  Infestor x2  
  180  13:05  Nydus Canal  
  183  13:27  Nydus Canal  
  182  13:36  Zergling x12  
  182  13:37  Zergling x14  
  182  13:39  Corruptor x4  
  198  13:47  Nydus Canal  
  195  13:59  Burrow  
  195  14:01  Nydus Canal  
  166  14:24  Overlord  
  166  14:25  Corruptor x5  
  166  14:26  Corruptor x2  
  166  14:30  Zergling x2  
  166  14:31  Zergling x30  
  186  14:34  Zerg Flyer Weapons Level 2, Zerg Missile Weapons Level 3, Zerg Ground Armor Level 2  
  186  14:35  Zerg Flyer Armor Level 1  
  188  14:38  Baneling  
  188  14:39  Baneling x9  
  188  14:49  Nydus Canal  
  186  14:58  Brood Lord x5  
  195  15:14  Nydus Canal  
  188  15:22  Corruptor, Brood Lord x2  
  188  15:23  Corruptor x3  
  196  15:38  Corruptor x2  
  196  15:40  Extractor  
  196  15:41  Extractor  
  184  15:46  Zergling x28  
  184  15:47  Zergling x2  
  184  15:48  Nydus Canal  
  199  15:54  Hatchery, Overseer  
  170  16:30  Zergling x32  
  170  16:31  Zergling x12  
  173  16:41  Zergling x6  
  176  16:47  Corruptor x4  
  176  16:49  Nydus Canal  
  176  16:50  Zergling x2  
  185  16:58  Hatchery  
  181  17:03  Corruptor x8  
  156  17:23  Zergling x8  
  156  17:24  Zergling x16  
  123  18:27  Hydralisk x10  
  123  18:31  Hatchery  
  123  18:32  Hatchery  
  141  18:34  Baneling x6  
  127  18:53  Corruptor  
  127  18:54  Corruptor  
  117  18:56  Infestor x5  
  117  19:02  Zergling x10  
  129  19:13  Zerg Ground Armor Level 3  
  129  19:22  Hydralisk x4  
  129  19:23  Zergling x4  
  139  19:46  Zergling x14  
  139  19:50  Baneling x5  
  139  19:51  Zergling x28  
  160  20:00  Zergling x8  
  160  20:01  Zergling x8  
  160  20:03  Nydus Canal  
  168  20:09  Drone x7  
  122  20:41  Hydralisk x8  
  123  20:44  Zergling x28  
  123  20:48  Infestor x2  
  138  20:58  Hydralisk x4  
  138  20:59  Hydralisk  
  138  21:01  Zergling x6  
  151  21:05  Baneling  
  151  21:06  Baneling x4  
  151  21:07  Baneling x6  
  137  21:24  Zergling x40  
  137  21:25  Zergling x2  
  139  21:30  Infestor x2  
  128  21:52  Zergling x2  
  128  21:53  Zergling x30  
  124  21:57  Zergling x12  
  109  22:15  Zergling x2  
  109  22:16  Zergling x28  
  106  22:26  Zergling x2  
  106  22:27  Zergling x18  
  110  22:40  Infestor  
  110  22:41  Infestor x4  
  120  22:48  Zergling x14  
  125  23:26  Hatchery  
Show
View Real Time Build Order
Export as new Build Order

TopGun Terran 

Build Orders: Reaper Expand, Banshee Rush 

Get SALT Encoding   

  12  0:00  SCV  
  13  0:13  SCV  
  14  0:17  Supply Depot  
  14  0:25  SCV  
  15  0:39  SCV  
  15  0:41  Barracks  
  16  0:44  Refinery  
  16  0:51  SCV  
  17  1:03  SCV  
  18  1:15  SCV  
  19  1:28  Orbital Command, Reaper  
  20  1:43  Command Center  
  20  1:50  Refinery  
  20  1:55  SCV  
  20  2:01  Barracks Reactor  
  21  2:07  SCV, Supply Depot  
  22  2:19  Factory  
  22  2:20  SCV  
  23  2:33  SCV  
  24  2:38  Marine x2  
  26  2:45  SCV  
  27  2:55  Orbital Command  
  27  2:57  SCV  
  28  3:05  Starport  
  28  3:09  SCV  
  29  3:18  Hellion x2  
  29  3:19  Barracks Tech Lab  
  33  3:21  SCV  
  34  3:30  SCV  
  35  3:38  Command Center  
  35  3:41  SCV  
  36  3:42  SCV  
  36  3:47  Cloaking Field  
  36  3:48  Banshee  
  37  3:52  Hellion  
  42  3:57  Hellion  
  42  3:59  SCV  
  42  4:00  SCV  
  46  4:05  Supply Depot  
  46  4:08  Supply Depot  
  46  4:19  Barracks Tech Lab  
  46  4:27  SCV x2  
  46  4:30  Factory x2  
  48  4:32  Refinery  
  48  4:33  Refinery  
  48  4:36  Supply Depot  
  48  4:46  Viking  
  48  4:47  SCV x2  
  53  4:58  Orbital Command  
  53  4:59  SCV  
  54  5:00  SCV  
  54  5:03  Barracks Tech Lab  
  54  5:12  SCV x2, Hellion x2  
  60  5:24  SCV  
  61  5:28  SCV  
  61  5:34  Cyclone  
  61  5:35  Infernal Pre-Igniter, Cyclone  
  68  5:36  Mag-Field Accelerator  
  68  5:39  SCV  
  69  5:45  Orbital Command  
  69  5:47  Supply Depot  
  69  5:48  Supply Depot  
  69  5:50  Armory  
  69  5:51  Armory, SCV  
  70  5:59  Hellion x2  
  74  6:04  SCV x2  
  74  6:08  Starport Reactor  
  76  6:16  Cyclone x2  
  76  6:17  SCV  
  75  6:20  SCV, Hellion x2  
  80  6:29  SCV x2  
  80  6:32  SCV  
  82  6:37  Command Center, Supply Depot  
  82  6:41  SCV, Terran Vehicle Weapons Level 1  
  82  6:42  Engineering Bay  
  82  6:44  Terran Vehicle And Ship Armor Level 1  
  82  6:45  SCV x2  
  82  6:46  Liberator  
  85  6:49  Hellion x2  
  89  6:58  Cyclone x2  
  89  6:59  SCV x2  
  100  7:15  Hellion x2  
  104  7:22  SCV, Factory  
  105  7:23  SCV, Factory  
  105  7:25  Refinery  
  105  7:26  Refinery  
  105  7:27  Supply Depot  
  106  7:31  Supply Depot  
  106  7:32  Cyclone  
  106  7:33  Supply Depot  
  109  7:49  Cyclone, Hellion x2  
  99  8:00  Liberator x2  
  99  8:02  SCV x2  
  99  8:05  Cyclone  
  102  8:10  Command Center  
  102  8:13  SCV  
  102  8:15  Factory Reactor  
  102  8:19  Hellion x2  
  113  8:20  Cyclone  
  113  8:21  SCV  
  113  8:22  SCV  
  118  8:30  Cyclone, Supply Depot x2  
  118  8:32  SCV  
  118  8:34  SCV  
  123  8:39  Missile Turret  
  123  8:42  SCV  
  123  8:43  Terran Vehicle And Ship Armor Level 2, Terran Vehicle Weapons Level 2  
  123  8:44  SCV  
  125  8:49  Missile Turret  
  125  8:51  Hellion x2  
  125  8:52  SCV  
  125  8:53  Planetary Fortress  
  130  8:57  Hellion x2  
  130  8:59  Cyclone  
  137  9:06  SCV x3  
  140  9:12  Cyclone x2  
  140  9:16  Supply Depot  
  146  9:17  Supply Depot  
  146  9:20  Supply Depot  
  146  9:24  Hellion x2  
  146  9:25  Hellion x2  
  151  9:31  SCV  
  151  9:32  SCV, Hellion  
  148  9:38  Orbital Command  
  148  9:39  SCV  
  148  9:44  Liberator  
  148  9:45  Cyclone, Hellion  
  152  9:51  SCV x2  
  143  9:53  Cyclone  
  143  9:56  Refinery x2  
  143  9:58  Hellion x3  
  143  9:59  Hellion  
  154  10:06  Cyclone  
  156  10:09  SCV, Liberator  
  156  10:17  Cyclone  
  159  10:23  Hellion  
  159  10:24  Hellion  
  159  10:25  Cyclone, Hellion  
  159  10:26  Hellion  
  159  10:27  Liberator  
  173  10:32  Barracks Tech Lab  
  173  10:34  Starport  
  169  10:36  Fusion Core  
  169  10:37  SCV  
  169  10:41  SCV  
  171  10:49  SCV  
  175  10:55  Hellion  
  175  10:56  Cyclone x2, Hellion x3  
  177  10:58  SCV  
  177  10:59  SCV x3  
  177  11:00  Liberator  
  177  11:01  SCV  
  182  11:09  Liberator  
  182  11:10  SCV  
  182  11:11  Cyclone  
  189  11:24  Advanced Ballistics  
  189  11:25  Raven  
  189  11:28  Hellion x3  
  178  11:36  Cyclone, Hellion  
  133  11:41  Cyclone  
  133  11:43  SCV x3, Liberator, Hellion  
  137  11:47  SCV x2  
  137  11:49  Hellion  
  141  11:56  Terran Vehicle Weapons Level 3, Hellion x2  
  148  12:11  Sensor Tower x2  
  148  12:13  Cyclone, Hellion x2  
  158  12:15  Cyclone  
  158  12:17  Command Center  
  158  12:21  Hellion x2  
  158  12:22  Cyclone  
  164  12:26  SCV x2  
  166  12:31  Liberator  
  166  12:32  Liberator x2  
  166  12:40  Command Center  
  170  12:44  Hellion x4  
  170  12:45  Cyclone  
  186  12:56  Cyclone  
  189  13:04  SCV  
  190  13:08  Hellion x5  
  196  13:37  Liberator x2  
  196  13:47  Missile Turret, Command Center  
  196  13:55  Hellion  
  200  14:01  Liberator  
  195  14:12  Cyclone  
  195  14:13  Hellion x3  
  195  14:14  SCV x2  
  190  14:18  Command Center x2  
  180  14:27  SCV x2  
  180  14:29  Planetary Fortress  
  182  14:37  Hellion x4  
  190  14:38  SCV x2  
  190  14:39  SCV  
  193  14:47  Cyclone x2  
  193  14:51  Terran Vehicle And Ship Armor Level 3  
  193  14:52  Terran Ship Weapons Level 1  
  199  15:01  Planetary Fortress  
  199  15:02  Missile Turret, Sensor Tower  
  199  15:04  Missile Turret x2  
  199  15:08  Refinery  
  199  15:10  Refinery  
  196  15:28  SCV x2  
  197  15:58  Liberator x2  
  197  16:01  Orbital Command x2  
  197  16:07  Sensor Tower  
  190  16:15  Liberator  
  179  16:19  Thor  
  150  16:28  Cyclone  
  150  16:31  Thor  
  105  16:41  Liberator  
  105  16:43  Liberator  
  105  16:45  Hellion  
  105  16:46  Hellion x3  
  102  16:58  Liberator  
  102  17:00  Thor  
  114  17:01  Thor  
  114  17:06  SCV x2  
  114  17:07  SCV x5  
  118  17:13  Hellion x3  
  118  17:14  Thor  
  118  17:15  Hellion  
  105  17:34  Hellion x2  
  105  17:35  Hellion  
  105  17:36  Hellion  
  109  17:39  Smart Servos  
  109  17:43  Hellion  
  100  17:44  Cyclone  
  88  17:56  Hellion x2  
  88  17:57  Cyclone  
  86  18:05  Hellion  
  84  18:15  Hellion  
  86  18:21  Liberator, Hellion  
  86  18:22  Hellion  
  90  18:27  Hellion  
  90  18:29  Thor  
  98  18:37  Thor  
  90  18:56  Hellion x2  
  90  18:57  Factory Tech Lab, Hellion x2  
  98  19:12  Thor  
  104  19:20  Thor, Hellion x3  
  104  19:21  Hellion  
  118  19:25  Viking  
  120  19:35  Viking  
  122  19:42  Terran Ship Weapons Level 2  
  122  19:50  Orbital Command  
  122  19:55  Thor  
  128  20:04  Hellion x2  
  132  20:18  Hellion x2  
  133  20:32  Orbital Command, Hellion  
  133  20:33  Hellion  
  113  20:40  Thor  
  113  20:42  Hellion  
  113  20:43  Hellion  
  113  20:54  Hellion  
  115  21:00  Hellion  
  112  21:21  Hellion x4  
  91  21:30  Hellion  
  91  21:42  Hellion  
  91  21:43  Hellion x2  
  97  21:51  Hellion  
  79  21:59  Hellion  
  75  22:04  Hellion  
  77  22:10  Hellion x2  
  75  22:19  Hellion  
  57  22:25  Hellion  
  45  22:33  Hellion  
  41  22:48  Factory Tech Lab  
  41  22:49  Hellion x2  
  45  22:53  Hellion  
  45  22:55  Orbital Command  
  45  22:56  Hellion  
  37  23:07  Hellion  
Tags
 
Add a new tag
Caveats
  • Supply blocks, unpowered buildings, or Contaminate may cause inaccurate times.
  • Supply counts are checked every 10 seconds.